 Dungeon Crawl Stone Soup version 0.23-a0-473-gc8aadda (webtiles) character file.

115 aurelian the Digger (level 5, -7/28 HPs)
             Began as a Gargoyle Earth Elementalist on Nov 27, 2018.
             Mangled by an orc warrior
             ... wielding a +0 short sword
              (16 damage)
             ... on level 2 of the Dungeon.
             The game lasted 00:06:28 (1725 turns).

aurelian the Digger (Gargoyle Earth Elementalist)   Turns: 1725, Time: 00:06:28

Health: -7/28      AC:  6    Str: 11    XL:     5   Next: 0%
Magic:  9/9        EV: 12    Int: 17    God:
Gold:   41         SH:  0    Dex: 10    Spells: 3/9 levels left

rFire    . . .     SeeInvis .   i - +0 hand axe
rCold    . . .     Gourm    .   (no shield)
rNeg     + . .     Faith    .   c - +0 robe
rPois    ∞         Spirit   .   (no helmet)
rElec    +         Reflect  .   (no cloak)
rCorr    .         Harm     .   (no gloves)
MR       .....                  (no boots)
Stlth    ++........             (no amulet)
HPRegen  0.09/turn              (no ring)
MPRegen  0.11/turn              (no ring)

@: no status effects
A: negative energy resistance 1, electricity resistance, unbreathing,
petrification resistance, rot immunity, AC +4
a: no special abilities


You were on level 2 of the Dungeon.
You were hungry.

You visited 1 branch of the dungeon, and saw 3 of its levels.

You collected 41 gold pieces.

Inventory:

Hand Weapons
 i - a +0 hand axe (weapon)
   (You found it on level 1 of the Dungeon)
Missiles
 b - 58 stones
 j - 7 poisoned tomahawks (quivered)
Armour
 c - a +0 robe (worn)
Jewellery
 g - an uncursed ring of see invisible {unknown}
   (You found it on level 1 of the Dungeon)
 m - an uncursed ring of protection from cold {unknown}
   (You found it on level 2 of the Dungeon)
Scrolls
 a - a scroll of teleportation {@r4}
 k - a scroll of immolation {unknown}
 n - a scroll of identify {unknown}
Potions
 d - a potion of brilliance {unknown}
 f - 2 potions of invisibility {unknown}
 h - a potion of haste {unknown}
 l - 2 potions of curing {unknown}
Comestibles
 e - 2 rations {!d}


   Skills:
 - Level 1.5 Dodging
 - Level 2.1 Stealth
 + Level 2.8 Spellcasting
 * Level 2.1 Conjurations
 - Level 0.7 Transmutations
 * Level 5.3 Earth Magic


You had 3 spell levels left.
You knew the following spells:

 Your Spells              Type           Power        Failure   Level  Hunger
a - Sandblast             Erth           ###...       1%          1    #......
q - Passwall              Tmut/Erth      ##......     8%          2    ##.....
x - Stone Arrow           Conj/Erth      ###...       12%         3    ###....

Your spell library contained the following spells:

 Spells                   Type           Power        Failure   Level  Hunger
 Petrify                  Tmut/Erth      ##......     45%         4    #####..
 Lee's Rapid Deconstruct  Erth           ###.......   50%         5    ######.


Dungeon Overview and Level Annotations

Branches:
Dungeon (3/15)

Altars:


Innate Abilities, Weirdness & Mutations

You are resistant to torment.
Your stone body is resilient. (AC +4)
You are immune to poison.
You resist negative energy. (rN+)
You are resistant to electric shocks. (rElec)
You can survive without breathing.
You are immune to petrification.
You are immune to rotting.


Message History

The orc priest hits the bush but does no damage.
The dart slug bites you but does no damage.
You climb upwards.
There is a stone staircase leading down here.
Aim: a dart slug (heavily wounded)
The blast of sand hits the dart slug.
You kill the dart slug!
b - 58 stones You start resting.
You are feeling hungry.
You can't go down here!
(D) Dungeon
Where to? (Enter - D:1 @ (x,y), ? - help)
There is a stone staircase leading down here.
You climb downwards.
There is a stone staircase leading up here.
A hobgoblin comes into view. It is wielding a +0 club.
Found a peridot ring.
The hobgoblin shouts!
The hobgoblin barely misses you.
You hit the hobgoblin but do no damage. The hobgoblin barely misses you.
You hit the hobgoblin but do no damage. The hobgoblin hits you with a +0 club.
You closely miss the hobgoblin. The hobgoblin misses you.
You hit the hobgoblin. The hobgoblin misses you.
You slash the hobgoblin!
You kill the hobgoblin!
You have reached level 5!
You see here a +0 club.
m - a peridot ring
As you read the scroll labeled BEVOUM CANTI, it crumbles to dust.
You feel strangely unstable.
It was a scroll of teleportation.
You see here a +0 club.
Your surroundings suddenly seem different.
The orc priest shouts!
The orc shouts!
The orc priest invokes the aid of Beogh against you.
Beogh smites you!
The orc warrior shouts!
The orc warrior completely misses you.
The orc priest invokes the aid of Beogh against you.
Pain shoots through your body!
There is an open door here.
The orc priest casts a cantrip, but nothing happens.
The orc priest calls down the wrath of Beogh upon you.
Beogh smites you!
Ouch! That really hurt!
* * * LOW HITPOINT WARNING * * *
There is a stone staircase leading up here.
The orc warrior hits you with a +0 short sword!
Ouch! That really hurt!
You die...

### ..#
#####.#
#####[..#.#
.......>..#
#####..@..# #
#..o#.#.#
#...#.#.# #...
#.......#
#...#
#..##.###
#...# #..##.#
##...##
#.o##.#
#.....#
#.....########
#.....#
##o###........


You could see an orc warrior and an orc priest.

Vanquished Creatures
  A scorpion (D:2)
  2 adders
  An ooze (D:2)
  2 worms
  A dart slug (D:1)
  A leopard gecko (D:1)
  6 bats
  A giant cockroach (D:1)
  5 goblins (D:1)
  3 hobgoblins
  3 jackals (D:1)
  5 kobolds
  2 frilled lizards (D:1)
  4 rats (D:1)
37 creatures vanquished.

Notes
Turn   | Place    | Note
-------+----------+-------------------------------------------
     0 | D:1      | aurelian the Gargoyle Earth Elementalist began the quest
                  | for the Orb.
     0 | D:1      | Reached XP level 1. HP: 10/10 MP: 3/3
   263 | D:1      | Reached skill level 4 in Earth Magic
   287 | D:1      | Reached XP level 2. HP: 11/15 MP: 5/5
   394 | D:1      | Learned a level 2 spell: Passwall
   808 | D:1      | Reached XP level 3. HP: 13/19 MP: 4/6
   938 | D:1      | Learned a level 3 spell: Stone Arrow
  1132 | D:3      | Found a faded altar of an unknown god.
  1268 | D:2      | Noticed a scorpion
  1281 | D:2      | Killed a scorpion
  1281 | D:2      | Reached skill level 1 in Conjurations
  1281 | D:2      | Reached skill level 5 in Earth Magic
  1281 | D:2      | Reached XP level 4. HP: 24/24 MP: 6/8
  1546 | D:2      | Noticed an orc warrior
  1649 | D:2      | Reached XP level 5. HP: 28/28 MP: 9/9
  1725 | D:2      | Mangled by an orc warrior

Vault maps used:
D:1:      lemuel_arrival_lava_pool
D:2:      serial_forest, infiniplex_forest_clump_small,
          infiniplex_forest_lined_2, infiniplex_forest_clump_long,
          infiniplex_forest_lined_room_2, infiniplex_forest_end_2,
          infiniplex_forest_straight_2, infiniplex_forest_straight_4,
          infiniplex_forest_corner_1, minmay_circled_x
D:3:      chequers_ecumenical_altar_simple, uniq_jessica, uniq_terence

Skill      XL: |  1  2  3  4 |
---------------+-------------+-----
Earth Magic    | 4 5 |  5.3
Conjurations   | 1 2 |  2.1
Dodging        | |  1.5
Stealth        | |  2.1
Spellcasting   | |  2.8
Transmutations | |  0.7

Action                   |  1- 3 |  4- 6 || total
-------------------------+-------+-------++-------
Melee: Unarmed           |    59 |       ||    59
       Hand axe          |       |    19 ||    19
Throw: Tomahawk          |     4 |     5 ||     9
 Cast: Sandblast         |    27 |     6 ||    33
  Use: Scroll            |       |     1 ||     1
 Stab: Sleeping          |     4 |       ||     4
  Eat: Chunk             |     1 |     1 ||     2
Armor: Robe              |    27 |    15 ||    42
Dodge: Dodged            |    57 |    19 ||    76

Table legend:
 A = Non-vault XP
 B = Vault XP
 C = Vault XP percentage of total XP
 D = Non-vault monster count
 E = Vault monster count
 F = Vault count percentage of total count
                 A         B        C        D         E       F
            +---------+---------+-------+---------+---------+-------
      Total |     142 |      23 |  13.9 |      33 |       4 |  10.8
            +---------+---------+-------+---------+---------+-------
        D:1 |      47 |       0 |   0.0 |      26 |       0 |   0.0
        D:2 |      82 |      23 |  21.9 |       6 |       4 |  40.0
        D:3 |      13 |       0 |   0.0 |       1 |       0 |   0.0
            +---------+---------+-------+---------+---------+-------
